 Dungeon Crawl Stone Soup version 0.29-a0-271-gd4eb659eea (webtiles) character file.

Game seed: 10844348765533725593

105 Hubjo the Sneak (level 4, -5/33 HPs)
             Began as a Vampire Enchanter on Mar 8, 2022.
             Was a Believer of Vehumet.
             Slain by a gnoll
             ... wielding a +0 halberd
              (15 damage)
             ... on level 3 of the Dungeon.
             The game lasted 00:03:19 (2073 turns).

Hubjo the Sneak (Vampire Enchanter)                 Turns: 2073, Time: 00:03:19

Health: -5/33      AC:  3    Str:  7    XL:     4   Next: 54%
Magic:  7/7        EV: 13    Int: 17    God:    Vehumet [**....]
Gold:   99         SH:  0    Dex: 16    Spells: 2/7 levels left

rFire   + . .      SeeInvis +   a - +1 dagger
rCold   . . .      Faith    .   (no shield)
rNeg    . . .      Spirit   .   b - +0 robe
rPois   .          Reflect  .   s - +0 helmet
rElec   .          Harm     .   (no cloak)
rCorr   .          Rampage  .   (no gloves)
Will    .....                   (no boots)
Stlth   +++.......              (no amulet)
HPRegen 0.31/turn               h - ring of protection from fire
MPRegen 0.10/turn               (no ring)

@: healing quickly
A: alive, fangs 3, see invisible, vampiric 2
a: Exsanguinate, Renounce Religion


You were on level 3 of the Dungeon.
You worshipped Vehumet.
Vehumet was pleased with you.
You visited 1 branch of the dungeon, and saw 3 of its levels.

You collected 99 gold pieces.

Inventory:

Hand Weapons
 a - a +1 dagger (weapon)
 k - a +1 short sword of holy wrath
Armour
 b - a +0 robe (worn)
 s - a +0 helmet (worn)
Jewellery
 h - a ring of protection from fire (left hand)
Scrolls
 d - a scroll of immolation {unknown}
 e - a scroll of blinking {unknown}
 f - 2 scrolls of fog {unknown}
 i - 3 scrolls of identify {unknown}
 j - a scroll of enchant armour {unknown}
 l - a scroll of amnesia {unknown}
 n - a scroll of silence {unknown}
 o - a scroll of fear {unknown}
Potions
 c - 2 potions of invisibility
 g - 3 potions of berserk rage {unknown}
 m - 2 potions of mutation {unknown}
 p - a potion of haste {unknown}
 q - 2 potions of magic {unknown}
 r - a potion of curing {unknown}


   Skills:
 * Level 2.0 Fighting
 + Level 1.9 Short Blades
 + Level 2.7 Dodging
 * Level 6.0 Stealth
 - Level 2.0 Spellcasting
 + Level 4.8 Hexes


You had 2 spell levels left.
You knew the following spells:

 Your Spells              Type           Power      Damage    Failure   Level
a - Tukima's Dance        Hex            18%        N/A       8%          3
b - Ensorcelled Hibernat  Hex/Ice        18%        N/A       11%         2

Your spell library contained the following spells:

 Spells                   Type           Power      Damage    Failure   Level
 Mephitic Cloud           Conj/Pois/Air  1%         N/A       50%         3
 Confusing Touch          Hex            18%        N/A       8%          3
 Dazzling Flash           Conj/Hex       18%        N/A       22%         3
 Portal Projectile        Hex/Tloc       18%        N/A       22%         3
 Call Canine Familiar     Summ           1%         N/A       50%         3
 Leda's Liquefaction      Hex/Erth       4%         N/A       56%         4


Dungeon Overview and Level Annotations

Branches:
Dungeon (3/15)

Altars:
Vehumet


Innate Abilities, Weirdness & Mutations

Your natural rate of healing is accelerated.
You have razor-sharp teeth.
You have supernaturally acute eyesight. (SInv)
You are afflicted with vampirism and can become a bat while bloodless.


Message History

You hit the gnoll. You bite the gnoll.
The gnoll is heavily wounded.
The gnoll hits you but does no damage.
You hit the gnoll.
The gnoll is heavily wounded.
The gnoll closely misses you. x2
You hit the gnoll.
The gnoll is severely wounded.
The gnoll misses you. The gnoll closely misses you.
You hit the gnoll but do no damage.
The gnoll is severely wounded.
The gnoll closely misses you. The gnoll barely misses you.
You hit the gnoll but do no damage. You bite the gnoll.
You kill the gnoll!
Vehumet accepts your kill. The gnoll barely misses you.
Your Fighting skill increases to level 2!
Your Stealth skill increases to level 6!
The gnoll hits you with a +0 halberd!
There is an escape hatch in the ceiling, spattered with blood here.
Items here: )) ††.
You are too injured to fight recklessly!
You are too injured to fight recklessly!
You are too injured to fight recklessly!
You are too injured to fight recklessly!
The gnoll attacks as you move away! The gnoll barely misses you.
The gnoll hits you from afar with a +0 halberd.
The gnoll closely misses you.
You hit the gnoll but do no damage. The gnoll barely misses you.
You closely miss the gnoll. The gnoll hits you with a +0 halberd!
* * * LOW HITPOINT WARNING * * *
You closely miss the gnoll. The gnoll misses you.
You hit the gnoll but do no damage. You hit the gnoll.
The gnoll is lightly wounded.
The gnoll barely misses you.
You closely miss the gnoll.
The gnoll is lightly wounded.
The gnoll hits you with a +0 halberd!
You die...

.... .....[ #..
####.##. #.# #.......
#<# #.##.##. #.#
#.##.##. ..#g#
#.##.##. #.#J#
#.##.##. #.#g#
#.##..#. #.#@#
#.###.#.
#.#.#########.###.#.
##.#.#..|..........#.
#......#######.##..#.
#....### #.##..#.
#######..### #.......
.........# ####..##
#######.## #..# #.#
########..#


You could see 2 gnolls and an endoplasm.

Vanquished Creatures
  2 gnolls (D:3)
  3 adders (D:2)
  A worm (D:2)
  An orc (D:3)
  3 ball pythons
  4 endoplasms
  3 giant cockroaches (D:1)
  3 goblins
  5 hobgoblins
  3 jackals
  3 quokkas
  6 bats
  2 frilled lizards (D:2)
  8 kobolds
  6 rats
53 creatures vanquished.

Notes
Turn   | Place    | Note
-------+----------+-------------------------------------------
     0 | D:1      | Hubjo the Vampire Enchanter began the quest for the Orb.
     0 | D:1      | Reached XP level 1. HP: 13/13 MP: 3/3
   110 | D:1      | Found a faded altar of an unknown god.
   125 | D:1      | Prayed at the altar of an unknown god.
   125 | D:1      | Became a worshipper of Vehumet
   125 | D:1      | Reached * piety under Vehumet
   125 | D:1      | Offered knowledge of Shock by Vehumet.
   182 | D:1      | Reached XP level 2. HP: 20/20 MP: 5/5
   356 | D:1      | Reached skill level 5 in Stealth
   528 | D:1      | Reached skill level 1 in Fighting
   797 | D:2      | Offered knowledge of Scorch by Vehumet.
   802 | D:2      | Reached ** piety under Vehumet
   815 | D:2      | Gained mutation: You are afflicted with vampirism and can
                  | become a bat while bloodless. [Vampire growth]
   815 | D:2      | Reached XP level 3. HP: 26/26 MP: 6/6
   819 | D:2      | Learned a level 3 spell: Tukima's Dance
   822 | D:2      | Learned a level 2 spell: Ensorcelled Hibernation
  1384 | D:2      | Reached XP level 4. HP: 33/33 MP: 7/7
  1952 | D:3      | Offered knowledge of Mephitic Cloud by Vehumet.
  2060 | D:3      | Reached skill level 6 in Stealth
  2073 | D:3      | Slain by a gnoll

Illustrated notes

Levels and vault maps discovered:
D:1:      nicolae_arrival_memento_mori, layout_basic, basic_ecumenical_altar
D:2:      kennysheep_six_static_rooms, layout_basic
D:3:      layout_loops_ring

Skill      XL: |  1  2  3  4 |
---------------+-------------+-----
Stealth        | 5 6 |  6.0
Fighting       | 1 2 |  2.0
Short Blades   | |  1.9
Dodging        | |  2.7
Spellcasting   | |  2.0
Hexes          | |  4.8

Action                   |  1- 3 |  4- 6 || total
-------------------------+-------+-------++-------
Melee: Dagger            |   130 |    47 ||   177
       Bite              |    12 |     9 ||    21
       Punch             |     2 |       ||     2
 Stab: Sleeping          |    13 |     3 ||    16
Armor: Robe              |    16 |     6 ||    22
Dodge: Dodged            |    69 |    28 ||    97

Table legend: (Time is in decaauts)
 A = Elapsed time spent in this place.
 B = Non-inter-level travel time spent in this place.
 C = Inter-level travel time spent in this place.
 D = Time resting spent in this place.
 E = Time spent auto-exploring this place.
 F = Levels seen in this place.
 G = Mean time per level.
                   A        B        C        D        E       F      G
               +--------+--------+--------+--------+--------+-----+--------+
         Total |   2059 |   1954 |    105 |      0 |   1533 |   3 |  686.3 |
       Dungeon |   2059 |   1954 |    105 |      0 |   1533 |   3 |  686.3 |
               +--------+--------+--------+--------+--------+-----+--------+

Top non-repeatable levels by time:
     D:2: 1193 daAuts
     D:1: 726 daAuts
     D:3: 139 daAuts
